 Dungeon Crawl Stone Soup version 0.28-a0-938-gbc3f381ebc (webtiles) character file.

Game seed: 4840274128146005290

46 croobank the Skirmisher (level 3, 0/29 HPs)
             Began as a Human Monk on Nov 28, 2021.
             Was a Priest of Fedhas.
             Succumbed to an adder's poison
             ... on level 2 of the Dungeon.
             The game lasted 00:09:20 (2111 turns).

croobank the Skirmisher (Human Monk)                Turns: 2111, Time: 00:09:21

Health: 0/29       AC:  2    Str: 12    XL:     3   Next: 95%
Magic:  3/3        EV: 13    Int: 10    God:    Fedhas [***...]
Gold:   60         SH:  0    Dex: 15    Spells: 2/2 levels left

rFire   x . .      SeeInvis .   a - +0 hand axe
rCold   + . .      Faith    .   (no shield)
rNeg    . . .      Spirit   .   k - +0 robe
rPois   .          Reflect  .   (no helmet)
rElec   .          Harm     .   (no cloak)
rCorr   .          Rampage  .   (no gloves)
Will    .....                   (no boots)
Stlth   ++........              (no amulet)
HPRegen 0.09/turn               l - ring of ice
MPRegen 0.08/turn               (no ring)

@: lethally poisoned (0 -> -1)
A: no striking features
a: Renounce Religion, Wall of Briars, Grow Ballistomycete


You were on level 2 of the Dungeon.
You worshipped Fedhas.
Fedhas was most pleased with you.
You visited 1 branch of the dungeon, and saw 2 of its levels.

You collected 60 gold pieces.

Inventory:

Hand Weapons
 a - a +0 hand axe (weapon)
 b - a +0 hunting sling
 n - a +0 short sword
 o - a +3 dagger
Missiles
 c - 15 bolts
 d - 4 boomerangs (quivered)
 e - 23 arrows
 f - 46 stones
 p - 5 javelins
Armour
 k - a +0 robe (worn)
Jewellery
 l - a ring of ice (left hand)
Scrolls
 g - a scroll of fear {unknown}
 i - a scroll of enchant armour {unknown}
Potions
 m - a potion of magic {unknown}
 q - a potion of heal wounds {unknown}


   Skills:
 + Level 3.5 Fighting
 + Level 3.5 Axes
 + Level 3.5 Dodging
 + Level 2.1 Stealth


You had 2 spell levels left.
You didn't know any spells.
Your spell library contained the following spells:

 Spells                   Type           Power      Damage    Failure   Level
 Call Canine Familiar     Summ           0%         N/A       75%         3
 Portal Projectile        Hex/Tloc       0%         N/A       75%         3
 Leda's Liquefaction      Hex/Erth       0%         N/A       98%         4


Dungeon Overview and Level Annotations

Branches:
Dungeon (2/15)

Altars:
Fedhas


Message History

The adder bites you.
You are poisoned.
The adder poisons you! The adder completely misses you.
You closely miss the adder.
The adder is severely wounded.
You feel sick. The adder bites you.
* * * LOW HITPOINT WARNING * * *
You feel better. The adder closely misses you.
You hit the adder.
The adder is almost dead.
The adder bites you. x2
You are poisoned.
The adder poisons you!
You completely miss the adder.
The adder is almost dead.
* * * LOW HITPOINT WARNING * * *
You feel sick. The adder bites you but does no damage.
You feel sick.
Okay, then.
Okay, then.
Okay, then.
You barely miss the adder.
The adder is almost dead.
* * * LOW HITPOINT WARNING * * *
You feel sick. The adder bites you but does no damage. The adder bites you.
* * * LOW HITPOINT WARNING * * *
You closely miss the adder.
The adder is almost dead.
* * * LOW HITPOINT WARNING * * *
You feel sick. The adder completely misses you.
You closely miss the adder.
The adder is almost dead.
* * * LOW HITPOINT WARNING * * *
You feel sick. The adder bites you but does no damage.
The adder closely misses you.
You hit the adder.
You kill the adder!
Fedhas appreciates your contribution to the ecosystem.
You die...
Fedhas appreciates your contribution to the ecosystem.

♣♣PP.PP♣♣ #
♣PP...PP♣ #
#.♣♣P.....P♣♣..
#......⌠......
##♣♣P.....P♣♣#
♣PP...PP♣
♣♣PP.PP♣♣ .#
♣♣♣.♣♣♣♣.#
♣@♣♣...# #.†).#
######


There were no monsters in sight!

Vanquished Creatures
  An adder (D:2)
  A worm (D:2)
  A dart slug (D:1)
  4 endoplasms
  2 giant cockroaches (D:1)
  3 goblins (D:2)
  3 hobgoblins
  4 jackals
  4 kobolds
  A quokka (D:1)
  5 ball pythons
  3 bats (D:1)
  4 frilled lizards
  3 rats
39 creatures vanquished.

Vanquished Creatures (others)
  3 plants (D:2)
3 creatures vanquished.

Grand Total: 42 creatures vanquished

Notes
Turn   | Place    | Note
-------+----------+-------------------------------------------
     0 | D:1      | croobank the Human Monk began the quest for the Orb.
     0 | D:1      | Reached XP level 1. HP: 18/18 MP: 1/1
    72 | D:1      | Reached XP level 2. HP: 8/24 MP: 2/2
   461 | D:1      | Found a faded altar of an unknown god.
   482 | D:1      | Prayed at the altar of an unknown god.
   482 | D:1      | Became a worshipper of Fedhas Madash
   482 | D:1      | Reached * piety under Fedhas
   482 | D:1      | Reached ** piety under Fedhas
   732 | D:1      | Reached *** piety under Fedhas
   733 | D:1      | Reached XP level 3. HP: 27/29 MP: 3/3
  1198 | D:2      | HP: 2/43 [goblin (2)]
  2110 | D:2      | HP: 1/29 [poisoned by an adder]
  2111 | D:2      | Succumbed to an adder's poison

Illustrated notes

Levels and vault maps discovered:
D:1:      psy_arrival_conway, layout_rooms,
          hellmonk_ecumenical_altar_leap_of_faith
D:2:      layout_loops_ring, serial_forest, infiniplex_forest_clump_curved,
          infiniplex_forest_corner_1, infiniplex_forest_lined_room_,
          infiniplex_forest_straight_2, infiniplex_forest_clump_C,
          infiniplex_forest_lined_room_2, infiniplex_forest_fountain,
          infiniplex_forest_clump_tiny, infiniplex_forest_split

Action                   || total
-------------------------++-------
Melee: Hand axe          ||   154
  Use: Scroll            ||     2
       Potion            ||     3
 Stab: Sleeping          ||     5
Armor: Robe              ||    21
       Skin              ||    12
Dodge: Dodged            ||   105

Table legend: (Time is in decaauts)
 A = Elapsed time spent in this place.
 B = Non-inter-level travel time spent in this place.
 C = Inter-level travel time spent in this place.
 D = Time resting spent in this place.
 E = Time spent auto-exploring this place.
 F = Levels seen in this place.
 G = Mean time per level.
                   A        B        C        D        E       F      G
               +--------+--------+--------+--------+--------+-----+--------+
         Total |   2147 |   2118 |     29 |    987 |    629 |   2 | 1073.5 |
       Dungeon |   2147 |   2118 |     29 |    987 |    629 |   2 | 1073.5 |
               +--------+--------+--------+--------+--------+-----+--------+

Top non-repeatable levels by time:
     D:1: 1119 daAuts
     D:2: 1028 daAuts
